 Dungeon Crawl Stone Soup version 0.29.1-1-gd02db6906a (webtiles) character file.

Game seed: 9620646280197285009

74092 MisterFreud the Peltast (level 15, -6/120 HPs)
             Began as a Formicid Gladiator on Sept 28, 2022.
             Was a Follower of Yredelemnul.
             Mangled by a frost giant
             ... wielding a +2 battleaxe of freezing
              (10 damage)
             ... on level 15 of the Dungeon.
             The game lasted 00:30:20 (17523 turns).

MisterFreud the Peltast (Formicid Gladiator)       Turns: 17523, Time: 00:30:21

Health: -6/120     AC: 14    Str: 21    XL:     15   Next: 92%
Magic:  16/22      EV: 13    Int:  9    God:    Yredelemnul [*.....]
Gold:   1242       SH: 10    Dex: 27    Spells: 14/14 levels left

rFire   x . .      SeeInvis +   G - +2 demon whip (elec)
rCold   . . .      Faith    .   l - +0 buckler
rNeg    . . .      Spirit   .   v - +1 leather armour of Poor Excuses {rElec rF- Regen+ Dex+2}
rPois   .          Reflect  .   (helmet unavailable)
rElec   +          Harm     .   (no cloak)
rCorr   .          Rampage  .   (no gloves)
Will    +....                   p - +1 pair of boots
Stlth   ++........              n - amulet of regeneration
HPRegen 1.90/turn               t - +4 ring of protection
MPRegen 0.18/turn               J - +6 ring of dexterity

@: studying Armour
A: permanent stasis, dig shafts and tunnels, antennae 3, four strong arms,
talons 1, iridescent scales 1
a: Dig, Shaft Self, Renounce Religion, Recall Undead Harvest


You were on level 15 of the Dungeon.
You worshipped Yredelemnul.
Yredelemnul was aware of your devotion.
You visited 2 branches of the dungeon, and saw 20 of its levels.
You also visited: Ossuary and Bailey.

You collected 1242 gold pieces.

Inventory:

Hand Weapons
 G - a +2 demon whip of electrocution (weapon)
 R - a +0 lajatang
Missiles
 c - 4 throwing nets
 h - 20 boomerangs (quivered)
 y - 31 poisoned darts
 L - 3 silver boomerangs
 X - 4 silver javelins
Armour
 l - a +0 buckler (worn)
 p - a +1 pair of boots (worn)
 v - the +1 leather armour of Poor Excuses (worn) {rElec rF- Regen+ Dex+2}
   (You found it on level 3 of the Dungeon)

   Dex:       It affects your dexterity (+2).
   rF:        It makes you vulnerable to fire.
   rElec:     It insulates you from electricity.
   Regen:     It increases your rate of health regeneration.
Jewellery
 b - a ring of willpower
 g - a ring of poison resistance
 n - an amulet of regeneration (around neck)
 r - an amulet of guardian spirit
 t - a +4 ring of protection (left hand)
 J - a +6 ring of dexterity (right hand)
 P - a +4 ring of protection
 V - an amulet of the acrobat
Wands
 q - a wand of iceblast (28)
 s - a wand of polymorph (25)
 A - a wand of flame (7)
 D - a wand of mindburst (6)
 M - a wand of charming (24)
 N - a wand of quicksilver (14)
Scrolls
 a - 2 scrolls of silence
 e - 3 scrolls of amnesia
 f - 2 scrolls of fear
 o - 3 scrolls of summoning
 E - a scroll of butterflies
 F - 4 scrolls of enchant armour
 I - 2 scrolls of enchant weapon
 O - 3 scrolls of immolation
 Q - a scroll of magic mapping
Potions
 d - a potion of magic {unknown}
 i - 5 potions of ambrosia
 j - 2 potions of cancellation
 k - 9 potions of flight
 m - 2 potions of resistance
 u - 3 potions of berserk rage
 w - 3 potions of lignification
 x - 10 potions of brilliance
 z - 12 potions of mutation
 B - 5 potions of attraction
 C - 9 potions of curing
 H - 3 potions of haste
 K - 3 potions of invisibility
 W - 4 potions of heal wounds
Miscellaneous
 S - a condenser vane (inert)
 T - a box of beasts
 U - a phantom mirror
 Y - a box of beasts
 Z - a lightning rod (4/4)


   Skills:
 - Level 12.0 Fighting
 - Level 12.6(14.0) Maces & Flails
 - Level 10.0(12.7) Staves
 - Level 2.0 Throwing
 - Level 15.0 Armour
 - Level 2.6 Dodging
 * Level 15.2 Shields
 - Level 10.0 Invocations
 - Level 10.0 Evocations


You had 14 spell levels left.
You didn't know any spells.
Your spell library contained the following spells:

 Spells                   Type           Power      Damage    Failure   Level
 Apportation              Tloc           0%         N/A       45%         1
 Ensorcelled Hibernation  Hex/Ice        0%         N/A       58%         2
 Passwall                 Tmut/Erth      0%         N/A       58%         2
 Sublimation of Blood     Necr           0%         N/A       58%         2
 Dazzling Flash           Conj/Hex       0%         N/A       83%         3
 Frozen Ramparts          Ice            0%         1d1       83%         3
 Lesser Beckoning         Tloc           0%         N/A       83%         3
 Anguish                  Hex/Necr       0%         N/A       99%         4
 Ice Form                 Ice/Tmut       0%         N/A       99%         4
 Iskenderun's Mystic Bla  Conj/Tloc      0%         2d3       99%         4
 Petrify                  Tmut/Erth      0%         N/A       99%         4
 Summon Ice Beast         Ice/Summ       0%         N/A       99%         4
 Agony                    Necr           0%         N/A       100%        5
 Alistair's Intoxication  Tmut/Pois      0%         N/A       100%        5
 Borgnjor's Vile Clutch   Necr/Erth      0%         N/A       100%        5
 Irradiate                Conj/Tmut      0%         3d11      100%        5
 Manifold Assault         Tloc           0%         N/A       100%        5
 Silence                  Hex/Air        0%         N/A       100%        5
 Starburst                Conj/Fire      0%         6d3       100%        6
 Enfeeble                 Hex            0%         N/A       100%        7
 Blink                    Tloc           Unusable   N/A       N/A         2
 Swiftness                Air            Unusable   N/A       N/A         3
 Animate Dead             Necr           Unusable   N/A       N/A         4
 Death Channel            Necr           Unusable   N/A       N/A         6

Dungeon Overview and Level Annotations

Branches:
Dungeon (15/15)            Temple (0/1) D:7            Lair (5/5) D:8
 Shoals (0/4) Lair:3       Spider (0/4) Lair:3          Orc (0/2) D:9
 Vaults (0/5) D:14         Depths (0/4) D:15        Ossuary (visited)
 Bailey (visited)
  Slime: Lair:4-5

Altars:
Ashenzari
Cheibriados
Dithmenos
Elyvilon
Okawaru
Ru
Sif Muna
Wu Jian
Xom
Yredelemnul

Shops:
D:6 =   D:7 (

Portals:
Trove: D:13 (give 14 potions of heal wounds)

Annotations:
D:4 2 transporters
Lair:2 2 transporters, sentinel's ghost, novice MeEE
Lair:3 2 transporters, Feulaj's ghost, journeyman MiBe


Innate Abilities, Weirdness & Mutations

You cannot be hasted, slowed, berserked, paralysed or teleported.
You can dig through walls and to a lower floor.
You have a pair of large antennae on your head. (SInv)
Your four strong arms can wield two-handed weapons with a shield.
You have sharp toenails.
You are partially covered in iridescent scales. (AC +2)


Message History

The centaur warrior is almost dead.
The frost giant points at you and mumbles some strange words.
The bolt of cold hits you!!
* * * LOW HITPOINT WARNING * * *
The bolt of cold hits your bound centaur warrior!
Your bound centaur warrior resists.
The bolt of cold hits your sphinx zombie!
Your sphinx zombie resists.
The centaur warrior hits you but does no damage.
You block the centaur warrior's attack.
You hit the centaur warrior.
The centaur warrior is almost dead.
The centaur warrior shoots an arrow.
The arrow hits you.
* * * LOW HITPOINT WARNING * * *
Unknown command.
Unknown command.
Unknown command.
You hit the centaur warrior.
You kill the centaur warrior!
The dead are walking!
You can now drain ambient life force.
The black bear changes into a wyvern!
The frost giant hits you but does no damage.
The centaur warrior shoots an arrow.
You block the arrow.
You hear a shout!
Unknown command.
Activating: Drain Life (1% risk of failure)
Press: ? - help, Dir - look around, f - activate You draw life from your surroundings.
The frost giant is lightly wounded.
The centaur warrior is lightly wounded.
You feel life flooding into your body.
Yredelemnul accepts your bounty of souls!
You can no longer drain ambient life force.
The centaur warrior shoots an arrow.
The arrow hits you!!
* * * LOW HITPOINT WARNING * * *
The frost giant hits you with a +2 battleaxe of freezing!!
* * * LOW HITPOINT WARNING * * *
The frost giant freezes you!
You die...
Your body rises from the dead as a mindless zombie. #......#'((...≈##........# ###.#.###....?≈########### ####+#+#.(...##≈# # #§[......<..+###≈≈≈ { #§$##......+#.# ?$$[

#≈/..#....+#.#+......
#≈$..#...'#.#+..# .#.
#§§.[.$=##Z#+...##.. {
#≈§§≈≈≈≈###@....c#
########≈##)C...|.#
##############§/l##.....
............# ≈).# #...#
.#...#...<..##≈.... #.##
...#...#..>.##§..#. .#
.#...#...<..##≈... .
............##≈[..
....#.#.....#


You could see a frost giant (ally target), a centaur warrior, a wyvern shaped
shifter and a friendly bound centaur warrior.

Vanquished Creatures
  Gastronok (Lair:3)
  An emperor scorpion (D:12)
  A great orb of eyes (D:15)
  4 hydras
  A rakshasa (D:15)
  A boulder beetle (D:13)
  9 centaur warriors
  8 two-headed ogres
  A tengu warrior (D:14)
  2 death yaks (Lair:2)
  Amaemon (D:8)
  A fire crab (D:15)
  A wizard (D:15)
  4 deep elf pyromancers (D:15)
  A harpy (D:15)
  An orc knight (D:15)
  Pikel (D:8)
  A necromancer (D:14)
  An ugly thing (D:13)
  10 cyclopes
  4 manticores
  3 elephants (Lair:1)
  2 black mambas
  Joseph (Lair:1)
  An orange demon (D:8)
  A torpor snail (Lair:2)
  5 cane toads
  Psyche (D:8)
  A cane toad (shapeshifter) (D:13)
  An efreet (D:13)
  10 komodo dragons
  4 yaktaurs (D:14)
  2 rime drakes
  A freezing wraith (D:15)
  A hornet (D:15)
  A wind drake (Lair:3)
  5 trolls
  A polar bear (Lair:4)
  2 hornets (shapeshifter) (D:13)
  4 meliai
  8 slime creatures
  14 blink frogs
  Sigmund (D:4)
  2 shadows
  3 spriggans (Bailey)
  2 wraiths
  3 vampires
  A spriggan (shapeshifter) (D:13)
  8 basilisks
  3 wyverns
  38 yaks
  3 steam dragons
  4 wargs (D:9)
  9 water moccasins
  2 acid dragons
  2 sky beasts
  A meliai simulacrum (D:13)
  An ice beast (D:6)
  An orc warrior (D:14)
  5 black bears
  6 wolves
  7 ogres
  9 centaurs
  Blork the orc (D:4)
  4 kobold brigands
  2 elf zombies
  11 bullfrogs
  A gnoll sergeant (D:9)
  2 elf skeletons (D:6)
  4 wights (D:9)
  10 killer bees
  2 electric eels (D:8)
  7 howler monkeys
  2 centaur zombies (Ossuary)
  5 hounds
  A human zombie (D:6)
  5 jellies
  6 orc priests
  5 iguanas
  A human skeleton (D:6)
  Natasha (thrice) (D:2)
  4 orc wizards
  3 mummies (Ossuary)
  9 gnolls
  3 adders
  A shadow imp (D:8)
  3 white imps
  An ufetubus (D:5)
  An adder zombie (Ossuary)
  4 dart slugs
  22 orcs
  3 bats
  12 endoplasms
  3 giant cockroaches
  2 gnoll zombies (Ossuary)
  10 goblins
  9 hobgoblins
  7 jackals (D:1)
  4 quokkas
  7 ball pythons
  3 frilled lizards
  A goblin zombie (Ossuary)
  4 hobgoblin zombies (Ossuary)
  5 jackal zombies (Ossuary)
  13 kobolds
  2 kobold zombies (Ossuary)
  An orc skeleton (D:6)
  An orc zombie (Ossuary)
  7 quokka zombies (Ossuary)
  3 rats
  6 rat zombies (Ossuary)
461 creatures vanquished.

Vanquished Creatures (collateral kills)
  A sphinx (D:15)
  2 hydras
  3 boulder beetles
  2 centaur warriors (D:15)
  A death knight (D:13)
  2 two-headed ogres
  A tengu warrior (D:14)
  A necromancer (D:14)
  An orc knight (D:15)
  An ugly thing (D:15)
  A manticore (D:15)
  3 cyclopes
  An efreet (D:15)
  A freezing wraith (D:15)
  A polar bear (shapeshifter) (D:15)
  6 slime creatures
  A centaur simulacrum (D:15)
  A shadow (D:12)
  A basilisk (D:15)
  2 centaurs (D:15)
  A centaur zombie (D:15)
34 creatures vanquished.

Vanquished Creatures (others)
  A meliai zombie (D:15)
  A slime creature zombie (D:13)
  A spectral efreet (D:15)
  An elf zombie (D:15)
  A manticore zombie (D:15)
  6 centaur zombies (D:15)
  A basilisk zombie (D:15)
  2 orc zombies
  18 fungi
  13 plants
  9 toadstools (D:6)
  2 withered plants (Lair:5)
56 creatures vanquished.

Grand Total: 551 creatures vanquished

Notes
Turn   | Place    | Note
-------+----------+-------------------------------------------
     0 | D:1      | MisterFreud the Formicid Gladiator began the quest for the
                  | Orb.
     0 | D:1      | Reached XP level 1. HP: 16/16 MP: 1/1
   120 | D:1      | Found a faded altar of an unknown god.
   186 | D:1      | Reached XP level 2. HP: 22/22 MP: 2/2
   524 | D:1      | Reached XP level 3. HP: 25/27 MP: 3/3
   892 | D:1      | Reached skill level 1 in Shields
  1306 | D:2      | Found a sacrificial altar of Ru.
  1444 | D:2      | Reached XP level 4. HP: 26/33 MP: 4/4
  1586 | D:2      | Noticed Natasha
  1599 | D:2      | Killed Natasha
  1602 | D:2      | Noticed Natasha
  1624 | D:2      | Killed Natasha
  1625 | D:2      | Reached XP level 5. HP: 21/38 MP: 5/5
  1965 | D:2      | Noticed Natasha
  1975 | D:2      | Killed Natasha
  1976 | D:2      | Reached skill level 5 in Staves
  2117 | D:3      | Identified the +1 leather armour of Poor Excuses {rElec rF-
                  | Regen+ Dex+2}
  2749 | D:4      | Found a transporter.
  2798 | D:4      | Noticed Sigmund
  2806 | D:4      | Killed Sigmund
  2807 | D:4      | Reached skill level 1 in Armour
  2807 | D:4      | Reached XP level 6. HP: 46/46 MP: 6/6
  2811 | D:4      | Noticed an ogre
  2820 | D:4      | Killed an ogre
  2821 | D:4      | Reached XP level 7. HP: 17/52 MP: 7/7
  2850 | D:4      | Found a transporter.
  2974 | D:4      | Noticed a fire bat
  3174 | D:4      | Noticed Blork the orc
  3181 | D:4      | Killed Blork the orc
  3519 | D:5      | Entered Level 5 of the Dungeon
  3818 | D:5      | Reached XP level 8. HP: 55/60 MP: 8/8
  3899 | D:5      | Found a snail-covered altar of Cheibriados.
  4379 | D:6      | Noticed a slime creature
  4380 | D:6      | Noticed a slime creature
  4490 | D:5      | Killed a slime creature
  4537 | D:6      | Killed a slime creature
  4538 | D:6      | Reached XP level 9. HP: 24/65 MP: 9/9
  4573 | D:6      | Found a sand-covered staircase.
  4589 | Ossuary  | Entered an ossuary
  5015 | D:6      | Reached skill level 10 in Staves
  5042 | D:6      | Reached skill level 5 in Fighting
  5130 | D:6      | Found Pemem's Jewellery Shoppe.
  5969 | D:7      | Reached skill level 1 in Maces & Flails
  6055 | D:7      | Found a staircase to the Ecumenical Temple.
  6070 | D:7      | Found a shadowy altar of Dithmenos.
  6128 | D:7      | Found Heirray's Weapon Boutique.
  6375 | D:7      | Reached XP level 10. HP: 76/79 MP: 10/10
  6805 | D:8      | Noticed Pikel
  6816 | D:8      | Noticed Psyche
  6820 | D:8      | Killed Pikel
  6849 | D:8      | Killed Psyche
  7123 | D:8      | Noticed an orange demon
  7124 | D:8      | Noticed Amaemon
  7154 | D:8      | Killed Amaemon
  7158 | D:8      | Killed an orange demon
  7258 | D:8      | Found a staircase to the Lair.
  7271 | D:8      | Identified a scroll of acquirement
  7271 | D:8      | Acquired a manual of Armour
  7323 | Lair:1   | Entered Level 1 of the Lair of Beasts
  7329 | Lair:1   | Reached XP level 11. HP: 81/86 MP: 11/11
  7436 | Lair:1   | Identified the +7 short sword of the Grand God {freeze, rC+
                  | rN++}
  7509 | Lair:1   | Reached skill level 5 in Armour
  7551 | Lair:1   | Noticed an elephant
  7553 | Lair:1   | Noticed an elephant
  7554 | Lair:1   | Noticed an elephant
  7584 | Lair:1   | Killed an elephant
  7590 | Lair:1   | Killed an elephant
  7591 | Lair:1   | Reached skill level 10 in Maces & Flails
  7614 | Lair:1   | Killed an elephant
  8042 | Lair:1   | Noticed Joseph
  8054 | Lair:1   | Killed Joseph
  8335 | Lair:2   | Found a transporter.
  8344 | Lair:2   | Noticed sentinel's ghost (novice MeEE)
  8376 | Lair:2   | Gained mutation: You have sharp toenails. [potion of
                  | mutation]
  8376 | Lair:2   | Gained mutation: You are partially covered in iridescent
                  | scales. (AC +2) [potion of mutation]
  8512 | Lair:2   | Reached skill level 1 in Evocations
  8523 | Lair:2   | Reached XP level 12. HP: 64/92 MP: 12/12
  8689 | Lair:2   | Reached skill level 10 in Armour
  8825 | Lair:2   | Noticed a six-headed hydra
  8832 | Lair:2   | Killed a six-headed hydra
  8840 | Lair:2   | Found a transporter.
  8905 | Lair:2   | Noticed a death yak
  8906 | Lair:2   | Noticed a death yak
  8928 | Lair:2   | Killed a death yak
  8929 | Lair:2   | Reached skill level 5 in Evocations
  8936 | Lair:2   | Killed a death yak
  9577 | Lair:3   | Noticed Gastronok
  9595 | Lair:3   | Killed Gastronok
  9637 | Lair:3   | You fall into a shaft and drop 1 floor!
  9651 | Lair:4   | Reached XP level 13. HP: 98/98 MP: 13/13
  9716 | Lair:4   | Reached skill level 10 in Evocations
  9813 | Lair:3   | Found a shimmering blue altar of Sif Muna.
  9865 | Lair:3   | Found a hole to the Spider Nest.
  9882 | Lair:3   | Found a staircase to the Shoals.
  9889 | Lair:3   | Noticed Feulaj's ghost (journeyman MiBe)
  9909 | Lair:3   | Reached skill level 5 in Shields
 10112 | Lair:3   | Found a transporter.
 10115 | Lair:3   | Found the +8 longbow "Zephyr" {speed, Dex+3 SInv}
 10133 | Lair:3   | Found a transporter.
 11141 | Lair:5   | Entered Level 5 of the Lair of Beasts
 11305 | Lair:5   | Noticed a five-headed hydra
 11308 | Lair:5   | Noticed an eight-headed hydra
 11526 | D:9      | Found a flagged portal.
 11552 | Bailey   | Entered a bailey
 11864 | D:9      | Reached skill level 10 in Fighting
 12088 | D:9      | Found a staircase to the Orcish Mines.
 12564 | D:10     | Entered Level 10 of the Dungeon
 12963 | D:10     | Found an ornate altar of the Wu Jian Council.
 12964 | D:10     | Found a basalt altar of Yredelemnul.
 12965 | D:10     | Found a white marble altar of Elyvilon.
 12966 | D:10     | Found a broken altar of Ashenzari.
 13056 | D:10     | Became a worshipper of Yredelemnul the Dark
 13307 | D:11     | Reached * piety under Yredelemnul
 13314 | D:11     | Reached ** piety under Yredelemnul
 13315 | D:11     | Reached skill level 10 in Shields
 13322 | D:11     | Reached XP level 14. HP: 55/113 MP: 14/14
 13325 | D:11     | Reached *** piety under Yredelemnul
 13666 | D:11     | Reached **** piety under Yredelemnul
 13831 | D:11     | Reached ***** piety under Yredelemnul
 14056 | D:12     | Noticed an emperor scorpion
 14056 | D:12     | a seven-headed hydra changed into an emperor scorpion
 14063 | D:12     | Killed an emperor scorpion
 14338 | D:12     | Reached skill level 5 in Invocations
 14866 | D:13     | Found a portal to a secret trove of treasure.
 15577 | D:13     | Reached skill level 10 in Invocations
 15969 | D:14     | Found a gate to the Vaults.
 16121 | D:14     | Found a shadowy altar of Dithmenos.
 16126 | D:14     | Reached XP level 15. HP: 94/120 MP: 22/22
 16143 | D:14     | Reached ****** piety under Yredelemnul
 16574 | D:15     | Entered Level 15 of the Dungeon
 16754 | D:15     | Reached skill level 15 in Armour
 16816 | D:15     | HP: 3/120 [cyclops (27)]
 16964 | D:15     | Found a staircase to the Depths.
 17033 | D:15     | Found a shimmering altar of Xom.
 17033 | D:15     | Found an iron altar of Okawaru.
 17034 | D:15     | Found a sacrificial altar of Ru.
 17199 | D:15     | Noticed a sphinx
 17209 | D:15     | Killed a sphinx
 17417 | D:15     | Reached skill level 15 in Shields
 17500 | D:15     | Noticed a frost giant
 17523 | D:15     | HP: 4/120 [frost giant/+2 battleaxe of freezing (20)]
 17523 | D:15     | Mangled by a frost giant

Illustrated notes

Levels and vault maps discovered:
D:1:      moated_graveyard_arrival, layout_loops_corners,
          shapermc_ecumenical_altar_venn
D:2:      layout_loops_cross, basic_altar, minmay_pentomino_x4, uniq_natasha
D:3:      layout_loops_ring
D:4:      gammafunk_cloud_chamber, layout_gridville, uniq_blork_the_orc,
          uniq_sigmund
D:5:      layout_gridville, kennysheep_slug_shrine
D:6:      cheibrodos_fertilizer, layout_basic, nicolae_ossuary_entry_catacombs,
          serial_shops, nicolae_shop_window_shopping
D:7:      layout_loops_ring, nicolae_overflow_hidden_temple,
          minmay_temple_entry_fiery, serial_shops,
          nicolae_shop_bloodbath_and_beyond, dreamdust_gnoll_farm
D:8:      layout_gridville, lair_entry_dummy, nicolae_water_bricks, uniq_psyche,
          uniq_amaemon, uniq_pikel
D:9:      layout_basic, minmay_orc_entry_guard_dogs, enter_bailey_2,
          minmay_misc_feat_room
D:10:     layout_cave_pools, mainiacjoe_overflow_alcove_3,
          minmay_increasing_density
D:11:     layout_rooms, serial_corexii_hall, chequers_hall_statues_wall_a,
          chequers_hall_statues_corner_a, corexii_hall_statues_i,
          corexii_hall_statues_s, minmay_checkerbox
D:12:     layout_irregular_city
D:13:     minmay_stepped, layout_basic, nicolae_trove_entry_columns
D:14:     layout_loops_ring, david_vaults_1, nicolae_dithmenos_the_darkroom
D:15:     hangedman_slaughterboxes
Lair:1:   layout_concentric_octagons, grunt_megastairs_2, uniq_joseph
Lair:2:   layout_loops_ring, gammafunk_ghost_arena, infiniplex_staircase_pool_2,
          grunt_megastairs_5
Lair:3:   layout_cellular_growth, minmay_shoals_entry_beasts,
          hellmonk_spider_entry_not_the_bees, gammafunk_ghost_berserking_beasts,
          basic_altar, serial_bayou_shore_b, lemuel_fruit_tree, uniq_gastronok
Lair:4:   layout_regular_city, grunt_megastairs_3
Lair:5:   due_jungle_book, layout_cave_pods, slime_entry_1, enter_volcano_1,
          ebering_ghost_reflecting_pool, columned_hall_lemuel,
          dreamdust_gnoll_shepherd, grunt_megastairs_4, uniq_sonja

Skill      XL: |  1  2  3  4  5  6  7  8  9 10 11 12 13 14 15 |
---------------+----------------------------------------------+-----
Staves         | 4 6 9 10 | 10.0
Shields        | 1 2 4 10 15 | 15.2
Armour         | 1 2 4 9 10 12 15 | 15.0
Fighting       | 3 4 7 8 11 12 | 12.0
Maces & Flails | 3 8 11 12 | 12.6
Evocations     | 1 9 10 | 10.0
Invocations    | 10 | 10.0
Throwing       | |  2.0
Dodging        | |  2.6

Action                   |  1- 3 |  4- 6 |  7- 9 | 10-12 | 13-15 || total
-------------------------+-------+-------+-------+-------+-------++-------
Melee: Quarterstaff      |    94 |   128 |   395 |       |       ||   617
       Demon whip        |       |       |    56 |   482 |   917 ||  1455
       Unarmed           |       |       |       |    14 |       ||    14
Throw: Boomerang         |     2 |     4 |       |       |       ||     6
Invok: Bind Soul         |       |       |       |       |     2 ||     2
       Drain Life        |       |       |       |       |     4 ||     4
       Recall Undead Har |       |       |       |       |     3 ||     3
Evoke: Wand              |       |       |       |     5 |     1 ||     6
       Condenser vane    |       |       |       |     1 |     1 ||     2
  Use: Scroll            |       |       |    12 |     2 |    12 ||    26
       Potion            |       |       |       |     3 |     2 ||     5
 Stab: Sleeping          |     3 |     1 |     4 |     2 |     8 ||    18
       Distracted        |       |       |       |       |    14 ||    14
Armor: Leather armour    |    24 |    33 |   111 |   110 |   218 ||   496
       Skin              |       |       |       |     4 |       ||     4
Dodge: Dodged            |    53 |    69 |   190 |   177 |   380 ||   869
Block: Buckler           |    12 |    23 |   122 |    94 |   243 ||   494
